 Dungeon Sprint DCSS version 0.29.1-2-gbd0b4ee654 (webtiles) character file.

Game seed: 2321260014374760505

6900000 Groucho the Intangible (level 27, -106/174 HPs)
             Began as a Spriggan Brigand on Oct 27, 2022.
             Was the Champion of Makhleb.
             Annihilated by a large bag of meat
             ... wielding a +9 giant spiked club
              (128 damage)
             ... in the Dungeon (Sprint VIII: "Arena of Blood").
             The game lasted 00:04:14 (69 turns).

Groucho the Intangible (Spriggan Brigand)             Turns: 69, Time: 00:04:14

Health: -106/174   AC:  6    Str:  9    XL:     27
Magic:  26/55      EV: 53    Int: 13    God:    Makhleb [******]
Gold:   0          SH:  0    Dex: 28    Spells: 80/80 levels left

rFire   . . .      SeeInvis +   l - +∞ Axe of Woe
rCold   . . .      Faith    .   (shield currently unavailable)
rNeg    . . .      Spirit   .   b - +0 robe
rPois   .          Reflect  .   (helmet restricted)
rElec   .          Harm     .   c - +0 cloak
rCorr   .          Rampage  .   (gloves unavailable)
Will    ++++.      NoTele   +   (boots unavailable)
Stlth   ++++++++++              (no amulet)
HPRegen 0.39/turn               m - +30 ring of slaying
MPRegen 0.34/turn               (no ring)

@: slowed, quick
A: very small, no large weapons, unfitting armour, see invisible, speed 3
a: Renounce Religion, Minor Destruction, Lesser Servant of Makhleb, Major
Destruction, Greater Servant of Makhleb


You were in the Dungeon.
You worshipped Makhleb.
Makhleb was exalted by your worship.
You visited 1 branch

Inventory:

Hand Weapons
 a - a +2 dagger
 l - the +∞ Axe of Woe (weapon)
   (You found it in the Dungeon)
Missiles
 d - 9 poisoned darts (quivered)
 e - 3 curare-tipped darts
Armour
 b - a +0 robe (worn)
 c - a +0 cloak (worn)
Jewellery
 m - a +30 ring of slaying (left hand)
Scrolls
 k - a scroll of blinking
Potions
 f - a potion of curing
 h - a potion of haste
 i - 2 potions of magic
 j - a potion of berserk rage


   Skills:
 O Level 27 Fighting
 O Level 27 Short Blades
 O Level 27 Long Blades
 O Level 27 Axes
 + Level 20.3(27) Maces & Flails
 + Level 20.3(27) Polearms
 + Level 20.3(26.2) Staves
 + Level 25.6 Ranged Weapons
 O Level 27 Throwing
 O Level 27 Armour
 O Level 27 Dodging
 O Level 27 Stealth
 + Level 20.3 Shields
 O Level 27 Unarmed Combat
 O Level 27 Spellcasting
 + Level 20.4 Conjurations
 O Level 27 Hexes
 + Level 22.0 Summonings
 + Level 23.7 Necromancy
 O Level 27 Translocations
 O Level 27 Transmutations
 + Level 21.9 Fire Magic
 + Level 22.0 Ice Magic
 + Level 23.7 Air Magic
 + Level 23.7 Earth Magic
 + Level 25.5 Poison Magic
 O Level 27 Invocations
 O Level 27 Evocations


You had 80 spell levels left.
You didn't know any spells.
Your spell library was empty.

Dungeon Overview and Level Annotations

Branches:
Dungeon (1/1)

Altars:
Makhleb


Innate Abilities, Weirdness & Mutations

You are very small and have problems with some larger weapons.
You are too small for most types of armour.
You have supernaturally acute eyesight. (SInv)
You cover ground extremely quickly. (Speed+++)


Message History

A meat berserker comes into view. It is wielding a +9 battleaxe.
The dread throws damnation at you.
The sphere of damnation explodes!
The damnation engulfs you!!
* * * LOW HITPOINT WARNING * * *
You hear a shout! x6
The accursed points at you and mumbles some strange words.
Something smites you!
* * * LOW HITPOINT WARNING * * *
You hear a shout! x2
The dread throws damnation at you.
The sphere of damnation explodes!
The damnation engulfs you!!
* * * LOW HITPOINT WARNING * * *
You have mastered Short Blades!
Your base Maces & Flails skill increases to level 20!
Your base Polearms skill increases to level 20!
Your base Staves skill increases to level 20!
Your Ranged Weapons skill increases to level 25!
Your Shields skill increases to level 20!
Your Conjurations skill increases to level 20!
Your Summonings skill increases to level 22!
Your Necromancy skill increases to level 23!
Your Ice Magic skill increases to level 22!
Your Air Magic skill increases to level 23!
Your Earth Magic skill increases to level 23!
Your Poison Magic skill increases to level 25!
Unknown command.
Unknown command.
You feel much better.
You hear a shout! x13
A bag of meat comes into view. It is wielding a +9 war axe.
The dread calls on the powers of darkness!
The meat berserker convulses!
Your body is wracked with pain!
* * * LOW HITPOINT WARNING * * *
The large bag of meat convulses!
Flame seeps out of the large bag of meat.
You hear a shout!
The large bag of meat is engulfed in blazing flames.
The large bag of meat hits you with a +9 giant spiked club!!!!
Ouch! That really hurt!
You die...

..._).).............
#..o..#.......#.#......o
#_)<)_#.................
#.....#......#.#.#......
..._...................
..###......)))#.#.#..# .
.. ....###.).)......#...
.......#...)))M.O....#
.......#...°..)M@...# .
............)W........
......#.M.#......##
......#..O.#.....##
....##.....#WO...#
..#...W..#....##..
..#...###....#. ... ....
..#.... ..


You could see 3 accurseds, a large bag of meat (inner flame), 3 dreads, 2 meat
berserkers and a bag of meat.

Vanquished Creatures
  3 hell beasts (D)
  3 royal mummies (D)
  11 vampire knights (D)
  19 ogres (D)
  8 two-headed ogres (D)
  60 orcs (D)
  7 skeletal warriors (D)
111 creatures vanquished.

Notes
Turn   | Place    | Note
-------+----------+-------------------------------------------
     0 | D        | Found the +∞ Axe of Woe
     0 | D        | Groucho the Spriggan Brigand began the quest for the Orb.
     0 | D        | Reached XP level 1. HP: 10/10 MP: 2/2
     2 | D        | Noticed a bag of meat
     4 | D        | Became a worshipper of Makhleb the Destroyer
     4 | D        | Noticed a bag of meat
     4 | D        | Noticed a bag of meat
     5 | D        | Noticed a meat berserker
     6 | D        | Noticed a bag of meat
     7 | D        | Noticed a bag of meat
     7 | D        | Noticed a bag of meat
     8 | D        | Noticed a meat berserker
    11 | D        | Killed a bag of meat
    11 | D        | Killed a meat berserker
    11 | D        | Reached * piety under Makhleb
    11 | D        | Noticed a bag of meat
    12 | D        | Reached skill level 27 in Dodging
    12 | D        | Reached XP level 2. HP: 4/14 MP: 3/3
    12 | D        | Reached XP level 3. HP: 5/18 MP: 4/4
    12 | D        | Reached XP level 4. HP: 7/22 MP: 5/5
    12 | D        | Reached XP level 5. HP: 8/25 MP: 6/6
    12 | D        | Reached XP level 6. HP: 9/30 MP: 7/7
    12 | D        | Reached XP level 7. HP: 10/33 MP: 8/8
    12 | D        | Reached XP level 8. HP: 12/37 MP: 9/9
    12 | D        | Reached XP level 9. HP: 13/41 MP: 10/10
    12 | D        | Reached XP level 10. HP: 15/46 MP: 11/11
    12 | D        | Reached XP level 11. HP: 16/49 MP: 12/12
    12 | D        | Reached XP level 12. HP: 17/53 MP: 13/13
    12 | D        | Killed a bag of meat
    12 | D        | Killed a bag of meat
    12 | D        | Killed a bag of meat
    12 | D        | Reached ** piety under Makhleb
    13 | D        | Reached XP level 13. HP: 57/57 MP: 14/14
    13 | D        | Noticed a bag of meat
    13 | D        | Noticed a bag of meat
    14 | D        | Killed a bag of meat
    14 | D        | Killed a meat berserker
    14 | D        | Noticed a bag of meat
    15 | D        | Reached skill level 27 in Axes
    15 | D        | Reached XP level 14. HP: 81/81 MP: 15/15
    15 | D        | Killed a bag of meat
    15 | D        | Reached *** piety under Makhleb
    15 | D        | Noticed a bag of meat
    16 | D        | Reached skill level 15 in Fighting
    16 | D        | Noticed a bag of meat
    17 | D        | Noticed a bag of meat
    18 | D        | Noticed a bag of meat
    20 | D        | Noticed a destroyer
    23 | D        | Killed a bag of meat
    23 | D        | Killed a bag of meat
    23 | D        | Killed a bag of meat
    23 | D        | Reached **** piety under Makhleb
    23 | D        | Killed a bag of meat
    24 | D        | Reached XP level 15. HP: 103/103 MP: 16/16
    24 | D        | Noticed a destroyer
    24 | D        | Noticed a destroyer
    24 | D        | Noticed a large bag of meat
    25 | D        | Noticed a large bag of meat
    25 | D        | Noticed a meat berserker
    25 | D        | Noticed a meat berserker
    26 | D        | Killed a destroyer
    27 | D        | Reached XP level 16. HP: 114/114 MP: 17/17
    27 | D        | Noticed a destroyer
    27 | D        | Noticed a large bag of meat
    28 | D        | Noticed a meat berserker
    28 | D        | Noticed a large bag of meat
    28 | D        | Noticed a meat berserker
    28 | D        | Noticed a meat berserker
    29 | D        | Noticed a meat berserker
    29 | D        | Noticed a large bag of meat
    30 | D        | Noticed a meat berserker
    30 | D        | Noticed a destroyer
    30 | D        | Noticed a meat berserker
    30 | D        | Noticed a meat berserker
    30 | D        | Noticed a large bag of meat
    30 | D        | Noticed a large bag of meat
    30 | D        | Noticed a meat berserker
    31 | D        | Noticed a meat berserker
    31 | D        | Noticed a meat berserker
    31 | D        | Noticed a meat berserker
    32 | D        | Noticed a meat berserker
    32 | D        | Noticed a destroyer
    33 | D        | Noticed a meat berserker
    33 | D        | Killed a meat berserker
    34 | D        | Reached skill level 27 in Fighting
    34 | D        | Noticed a destroyer
    35 | D        | Noticed a sculptor of flesh
    35 | D        | Killed a meat berserker
    35 | D        | Killed a meat berserker
    35 | D        | Reached ***** piety under Makhleb
    36 | D        | Reached skill level 27 in Stealth
    36 | D        | Reached XP level 17. HP: 121/121 MP: 17/30
    36 | D        | Killed a meat berserker
    36 | D        | Killed a destroyer
    36 | D        | Noticed a large bag of meat
    37 | D        | Killed a meat berserker
    37 | D        | Killed a large bag of meat
    37 | D        | Killed a destroyer
    38 | D        | Reached skill level 27 in Invocations
    38 | D        | Reached skill level 27 in Throwing
    38 | D        | Reached skill level 1 in Unarmed Combat
    38 | D        | Reached XP level 18. HP: 75/127 MP: 17/36
    38 | D        | Killed a meat berserker
    38 | D        | Reached ****** piety under Makhleb
    38 | D        | Killed a meat berserker
    38 | D        | Killed a meat berserker
    38 | D        | Killed a meat berserker
    38 | D        | Noticed a destroyer
    39 | D        | Reached XP level 19. HP: 120/132 MP: 17/37
    39 | D        | Killed a meat berserker
    39 | D        | Killed a large bag of meat
    40 | D        | Reached skill level 27 in Unarmed Combat
    40 | D        | Reached XP level 20. HP: 76/137 MP: 17/38
    40 | D        | Killed a meat berserker
    40 | D        | Killed a meat berserker
    41 | D        | Killed a large bag of meat
    41 | D        | Noticed a destroyer
    42 | D        | Killed a meat berserker
    42 | D        | Killed a destroyer
    42 | D        | Killed a large bag of meat
    42 | D        | Killed a destroyer
    43 | D        | Reached skill level 27 in Long Blades
    43 | D        | Reached skill level 27 in Armour
    43 | D        | Reached skill level 5 in Translocations
    43 | D        | Reached skill level 5 in Transmutations
    43 | D        | Reached XP level 21. HP: 80/142 MP: 18/39
    43 | D        | Killed a large bag of meat
    43 | D        | Noticed a destroyer
    44 | D        | Reached skill level 10 in Transmutations
    44 | D        | Reached skill level 10 in Evocations
    44 | D        | Reached XP level 22. HP: 113/148 MP: 18/40
    44 | D        | Noticed a destroyer
    45 | D        | Reached skill level 10 in Short Blades
    45 | D        | Killed a large bag of meat
    46 | D        | Reached skill level 10 in Necromancy
    46 | D        | Reached skill level 10 in Air Magic
    46 | D        | Reached skill level 10 in Earth Magic
    46 | D        | Reached XP level 23. HP: 112/153 MP: 18/41
    46 | D        | Noticed an accursed
    46 | D        | Noticed an accursed
    46 | D        | Killed an accursed
    46 | D        | Killed a destroyer
    47 | D        | Reached skill level 15 in Short Blades
    47 | D        | Reached skill level 10 in Conjurations
    47 | D        | Killed a large bag of meat
    48 | D        | Reached skill level 15 in Ranged Weapons
    48 | D        | Reached skill level 15 in Poison Magic
    48 | D        | Reached XP level 24. HP: 96/158 MP: 19/46
    48 | D        | Noticed an accursed
    49 | D        | Killed a destroyer
    50 | D        | Reached skill level 15 in Necromancy
    50 | D        | Reached skill level 15 in Air Magic
    50 | D        | Reached skill level 15 in Earth Magic
    50 | D        | Killed a large bag of meat
    51 | D        | Reached XP level 25. HP: 93/163 MP: 19/48
    51 | D        | Noticed a destroyer
    52 | D        | Killed a destroyer
    52 | D        | Killed an accursed
    53 | D        | Killed a destroyer
    53 | D        | Killed a destroyer
    54 | D        | Reached skill level 15 in Maces & Flails
    54 | D        | Reached skill level 15 in Polearms
    54 | D        | Reached skill level 15 in Staves
    54 | D        | Reached skill level 15 in Shields
    54 | D        | Reached skill level 15 in Conjurations
    54 | D        | Reached XP level 26. HP: 155/169 MP: 20/51
    54 | D        | Killed an accursed
    54 | D        | Noticed an accursed
    54 | D        | Noticed an accursed
    55 | D        | Reached skill level 27 in Translocations
    56 | D        | Noticed an accursed
    60 | D        | Noticed a meat beast
    61 | D        | Noticed a meat beast
    62 | D        | Killed a meat beast
    62 | D        | Noticed a large bag of meat
    63 | D        | Reached skill level 27 in Transmutations
    63 | D        | Reached skill level 27 in Evocations
    63 | D        | Reached XP level 27. HP: 49/174 MP: 23/54
    63 | D        | Killed a meat beast
    64 | D        | Reached skill level 27 in Spellcasting
    64 | D        | Reached skill level 27 in Hexes
    64 | D        | Killed a destroyer
    65 | D        | Noticed a dread
    65 | D        | Noticed a dread
    65 | D        | Noticed a meat beast
    67 | D        | Noticed a dread
    68 | D        | Killed a meat beast
    68 | D        | HP: 6/174 [dread/damnation (19)]
    69 | D        | Reached skill level 27 in Short Blades
    69 | D        | Annihilated by a large bag of meat

Illustrated notes

Levels and vault maps discovered:
D:        meatsprint

Skill      XL: |  1  2  3  4  5  6  7  8  9 10 11 12 13 14 15 16 17 18 19 20 21 22 23 24 25 26 27 |
---------------+----------------------------------------------------------------------------------+-----
Axes           | 20 25 27 | 27.0
Dodging        | 27 | 27.0
Fighting       | 12 22 26 27 | 27.0
Stealth        | 27 | 27.0
Invocations    | 16 27 | 27.0
Throwing       | 27 | 27.0
Unarmed Combat | 1 24 27 | 27.0
Long Blades    | 11 27 | 27.0
Armour         | 11 27 | 27.0
Short Blades   | 4 9 12 16 19 21 24 27 | 27.0
Maces & Flails | 2 6 9 12 13 15 17 20 | 20.3
Polearms       | 2 6 9 12 13 15 17 20 | 20.3
Staves         | 2 6 9 12 13 15 17 20 | 20.3
Ranged Weapons | 3 8 11 15 17 19 22 25 | 25.6
Shields        | 2 6 9 12 13 15 17 20 | 20.3
Spellcasting   | 4 9 13 18 20 23 26 27 | 27.0
Conjurations   | 2 6 8 12 13 15 17 20 | 20.4
Hexes          | 4 9 13 18 20 23 26 27 | 27.0
Summonings     | 2 6 9 13 14 16 19 22 | 22.0
Necromancy     | 3 7 10 14 16 18 20 23 | 23.7
Translocations | 5 11 16 21 23 26 27 | 27.0
Transmutations | 5 10 14 19 22 25 27 | 27.0
Fire Magic     | 2 6 9 13 14 16 19 21 | 21.9
Ice Magic      | 2 6 9 13 14 16 19 22 | 22.0
Air Magic      | 3 7 10 14 16 18 20 23 | 23.7
Earth Magic    | 3 7 10 14 16 18 20 23 | 23.7
Poison Magic   | 3 8 11 15 17 19 22 25 | 25.5
Evocations     | 4 10 14 19 22 25 27 | 27.0

Action                   |  1- 3 |  4- 6 |  7- 9 | 10-12 | 13-15 | 16-18 | 19-21 | 22-24 | 25-27 || total
-------------------------+-------+-------+-------+-------+-------+-------+-------+-------+-------++-------
Melee: Broad axe         |     1 |       |       |     1 |     4 |     5 |     5 |     7 |    11 ||    34
  Use: Potion            |       |       |       |       |       |       |       |       |     1 ||     1
Dodge: Dodged            |       |       |       |       |       |       |     1 |       |     1 ||     2
